 Dungeon Crawl Stone Soup version 0.17-a0-1368-g6ab37f2 (webtiles) character file.

58 Hanyuu the Insei (level 4, -2/28 HPs)
             Began as an Octopode Transmuter on June 12, 2015.
             Slain by a goblin
             ... wielding a +0 dagger
             ... led by Robin
              (4 damage)
             ... on level 2 of the Dungeon.
             The game lasted 00:04:06 (2107 turns).

Hanyuu the Insei (Octopode Transmuter)              Turns: 2107, Time: 00:04:07

Health: -2/28      AC:  1    Str:  9    XL:     4   Next: 2%
Magic:  4/7        EV: 12    Int: 16    God:
Gold:   86         SH:  0    Dex: 12    Spells: 3 memorised, 1 level left

rFire  . . .     SeeInvis .       - Unarmed
rCold  . . .     Clarity  .     (no shield)
rNeg   . . .     SustAt   .     (helmet restricted)
rPois  .         Gourm    .     (no amulet)
rElec  .         Spirit   .     (no ring)
rCorr  .         Warding  .     (no ring)
rMut   .         Stasis   .     (no ring)
MR     .....                    (no ring)
Stlth  ++........               (no ring)
                                (no ring)
                                (no ring)
                                (no ring)

@: confused, very slightly contaminated, not resistant to hostile enchantments,
unstealthy
A: almost no armour, amphibious, 8 rings, constrict 8, camouflage 1, gelatinous
body 1
a: no special abilities


You were on level 2 of the Dungeon.
You were not hungry.

You visited 1 branch of the dungeon, and saw 2 of its levels.

You collected 86 gold pieces.

Inventory:

Missiles
 a - 52 arrows
 m - 11 poisoned needles
Scrolls
 f - a scroll of blinking {unknown}
 i - a scroll of remove curse {unknown}
 j - a scroll of random uselessness {unknown}
 k - a scroll of recharging {unknown}
 n - a scroll of identify {unknown}
Potions
 d - a potion of curing {unknown}
 e - a potion of invisibility {unknown}
 l - 2 potions of heal wounds {unknown}
Books
 b - a book of Changes

   Spells                             Type                      Level
   a - Beastly Appendage              Transmutation                1
   b - Sticks to Snakes               Transmutation                2
   c - Spider Form                    Transmutation/Poison         3
   d - Ice Form                       Ice/Transmutation            4
   e - Blade Hands                    Transmutation                5
Comestibles
 c - a bread ration
 g - 2 beef jerkies
 h - 7 chunks of flesh


   Skills:
 - Level 1.0 Fighting
 - Level 2.0 Dodging
 * Level 4.6 Unarmed Combat
 - Level 2.0 Spellcasting
 - Level 2.0 Transmutations
 - Level 1.0 Poison Magic


You had one spell level left.
You knew the following spells:

 Your Spells              Type           Power        Failure   Level  Hunger
a - Beastly Appendage     Trmt           #.....       10%         1    #......
b - Sticks to Snakes      Trmt           #.........   14%         2    ###....
c - Spider Form           Trmt/Pois      #.........   34%         3    ###....


Dungeon Overview and Level Annotations

Branches:
Dungeon (2/15)

Altars:

Annotations:
D:2 Robin


Innate Abilities, Weirdness & Mutations

You cannot wear most types of armour.
You are amphibious.
You can wear up to eight rings at the same time.
You can use your tentacles to constrict eight enemies at once.
Your skin changes colour to match your surroundings (Stealth).
Your rubbery body absorbs attacks (AC +1).


Message History

You bump into the rock wall.
You are engulfed in noxious fumes.
You choke on the stench!
You are more confused.
* * * LOW HITPOINT WARNING * * *
The goblin hits you but does no damage. Robin closely misses you.
You're too confused to move!
You are engulfed in noxious fumes.
You choke on the stench!
You are more confused.
* * * LOW HITPOINT WARNING * * *
The goblin hits you with a dagger.
* * * LOW HITPOINT WARNING * * *
Robin closely misses you.
You tentacle-slap the goblin. Your squeeze misses the goblin.
The goblin is moderately wounded.
The goblin hits you with a dagger.
* * * LOW HITPOINT WARNING * * *
You miss the goblin. Your squeeze misses the goblin.
The goblin is moderately wounded.
Robin closely misses you. The goblin hits you with a dagger.
You die...

#.# #.....(....†# . #.# #
#...........# #.# .
#...........# #.# #.
#...........# #.# #.#
#......)....##### #.#
#####..##......)........#
..####.........g))(..........#
....##.........#'#######.....#
....##.......).#@# #.....#
....##.........#g# #..)..#
....##....>....#.# #.....#
....##.........#.# #.....#
....#########..#.# #.....#
....# ##.#.##### ####### ....#
#........ ....# #...#####
....# ##..#


You could see Robin and a goblin (frenzied).

Vanquished Creatures
  An adder (D:2)
  An ooze (D:2)
  2 giant geckos
  10 goblins
  7 hobgoblins
  8 bats (D:1)
  5 giant cockroaches
  2 giant newts (D:1)
  4 kobolds (D:1)
  A rat (D:2)
41 creatures vanquished.

Notes
Turn   | Place    | Note
--------------------------------------------------------------
     0 | D:1      | Hanyuu the Octopode Transmuter began the quest for the Orb.
     0 | D:1      | Reached XP level 1. HP: 13/13 MP: 3/3
   396 | D:1      | Reached XP level 2. HP: 12/18 MP: 5/5
   928 | D:1      | Reached skill level 4 in Unarmed Combat
  1071 | D:1      | Reached XP level 3. HP: 20/23 MP: 6/6
  1079 | D:1      | Learned a level 2 spell: Sticks to Snakes
  1083 | D:1      | Learned a level 3 spell: Spider Form
  1606 | D:2      | Noticed Robin
  2063 | D:2      | Reached skill level 1 in Poison Magic
  2093 | D:2      | Reached XP level 4. HP: 19/28 MP: 7/7
  2107 | D:2      | Slain by a goblin

Vault maps used:
D:1:      co_arrival_random_square_maze, minmay_statues_item
D:2:      uniq_robin

Action                   |  1- 3 |  4- 6 || total
-------------------------+-------+-------++-------
Melee: Unarmed           |   106 |     4 ||   110
 Cast: Beastly Appendage |     5 |       ||     5
 Stab: Sleeping          |     6 |       ||     6
       Distracted        |     1 |       ||     1
  Eat: Chunk             |     4 |       ||     4
